 Dungeon Crawl Stone Soup version 0.21-a0-498-g1b60429 (webtiles) character file.

4407 kiturien the Carver (level 10, -2/86 HPs)
             Began as a Minotaur Fighter on Nov 24, 2017.
             Was a Follower of Wu Jian.
             Slain by a yak (8 damage)
             ... on level 9 of the Dungeon.
             The game lasted 00:20:32 (6698 turns).

kiturien the Carver (Minotaur Fighter)              Turns: 6698, Time: 00:20:32

Health: -2/86      AC: 19    Str: 25    XL:     10   Next: 14%
Magic:  10/10      EV:  9    Int:  5    God:    Wu Jian [*.....]
Gold:   485        SH:  0    Dex: 11    Spells: 9/9 levels left

rFire    + + .     SeeInvis .   r - +0 sword of Power
rCold    + . .     Gourm    .   (shield currently unavailable)
rNeg     . . .     Faith    .   m - +3 plate armour {rPois}
rPois    +         Spirit   .   (helmet restricted)
rElec    .         Reflect  .   k - scarf {rC+ rF+}
rCorr    .         Harm     .   (no gloves)
MR       .....                  (no boots)
Stlth    ..........             (no amulet)
HPRegen  0.24/turn              v - ring of protection from fire
MPRegen  0.12/turn              u - +2 ring of dexterity

@: no status effects
A: retaliatory headbutt, horns 2, thin metallic scales 1, blink, high mp 1,
sense surroundings 1
a: Blink, Renounce Religion


You were on level 9 of the Dungeon.
You worshipped Wu Jian.
Wu Jian was aware of your devotion.
You were hungry.

You visited 2 branches of the dungeon, and saw 10 of its levels.

You collected 485 gold pieces.

Inventory:

Hand Weapons
 a - a +1 long sword
 r - the +0 sword of Power (weapon)
   (You acquired it on level 6 of the Dungeon)
 y - the +1 hand axe of Goke {venom, rPois Dex+4}
   (You took it off a gnoll on level 7 of the Dungeon)

   It poisons the flesh of those it strikes.
   It affects your dexterity (+4).
   It protects you from poison.
Armour
 c - a +0 shield
 k - a scarf of resistance (worn)
 m - a +3 plate armour of poison resistance (worn)
Jewellery
 j - an uncursed ring of protection from cold
 u - a +2 ring of dexterity (right hand)
 v - a ring of protection from fire (left hand)
Wands
 b - a wand of paralysis (13)
 d - a wand of acid (16)
 l - a wand of disintegration (29)
 t - a wand of flame (9)
 w - a wand of scattershot (7)
Scrolls
 e - 6 scrolls of remove curse
 g - 3 scrolls of immolation
 n - 2 scrolls of teleportation
 p - 5 scrolls of identify
Potions
 i - 4 potions of curing
 q - 3 potions of flight
 x - a potion of invisibility
 A - a potion of heal wounds {unknown}
 B - a potion of agility
 C - a potion of berserk rage {unknown}
Comestibles
 f - 4 bread rations
 h - 3 meat rations
 o - a royal jelly
 s - 4 fruits


   Skills:
 * Level 7.4 Fighting
 * Level 10.7 Long Blades
 * Level 8.9 Armour
 * Level 5.1 Dodging
 * Level 8.8 Shields


You had 9 spell levels left.
You didn't know any spells.

Dungeon Overview and Level Annotations

Branches:
Dungeon (9/15)             Temple (1/1) D:6
   Lair: D:8-11         Orc: D:9-12

Altars:
Ashenzari
Cheibriados
Dithmenos
Elyvilon
Fedhas
Gozag
Hepliaklqana
Kikubaaqudgha
Makhleb
Nemelex Xobeh
Okawaru
Qazlal
Sif Muna
Trog
Uskayaw
Vehumet
Wu Jian
Xom
Yredelemnul
Zin
The Shining One

Shops:
D:4 (


Innate Abilities, Weirdness & Mutations

You reflexively headbutt those who attack you in melee.
You have a pair of horns on your head.
You are partially covered in thin metallic scales. (AC +2)
You can translocate small distances at will.
You have an increased reservoir of magic. (+10% MP)
You passively map a small area around you.


Message History

The dream sheep ruffle their wool and motes of dream dust sparkle, to no effect.
The yak barely misses you.
Your plate armour prevents you from hitting the dream sheep.
The dream sheep is lightly wounded.
The dream sheep shake their wool and sparkle.
You feel drowsy...
You fall asleep.
The yak gores you!!
You wake up.
* * * LOW HITPOINT WARNING * * *
You feel better. The dream sheep closely misses you.
The yak gores you but does no damage.
You slice the dream sheep!!
You kill the dream sheep!
The Council accepts your kill. The yak gores you.
* * * LOW HITPOINT WARNING * * *
You hit the dream sheep but do no damage.
You headbutt the dream sheep.
The dream sheep is lightly wounded.
The yak gores you!
You die...

#.........#
#.........# ,
#########.........#
* , ,
..................#
*
.........########.#
........####### ###
........#PP≈P.+
........#P≈≈≈≈#,
.......@#≈.P≈P##+ *
* ......YY#..K..#..
, ...(....)(..%%'..
* #.#######...P.'..
#.* #≈....'.%
#.%...#.% *
#######*# * * * ,
,, , , ,


You could see a yak and a dream sheep.

Vanquished Creatures
  Grinder (D:3)
  A hippogriff (D:7)
  A dream sheep (D:9)
  Sigmund (D:4)
  A yak (D:9)
  Eustachio (D:4)
  A hungry ghost (D:8)
  Edmund (D:6)
  A water moccasin (D:6)
  An ice beast (D:6)
  2 orc warriors
  A sky beast (D:7)
  Purgy (D:4)
  2 ogres
  2 centaurs
  2 necrophages
  A big kobold (D:9)
  The ghost of Megalobster the Conjurer, an amateur DECj (D:3)
  4 bullfrogs
  2 scorpions
  5 killer bees (D:8)
  5 wights (D:8)
  5 howler monkeys
  A crimson imp (D:8)
  3 hounds
  A jelly (D:6)
  2 bullfrog skeletons
  2 orc priests
  Jessica (D:3)
  2 centaur skeletons
  Terence (D:2)
  An iguana (D:5)
  4 orc wizards
  Natasha (thrice) (D:3)
  5 worker ants
  A killer bee zombie (D:8)
  A hound zombie (D:2)
  A worker ant zombie (D:7)
  9 adders
  6 gnolls
  A shadow imp (D:9)
  2 oozes
  An adder skeleton (D:5)
  4 worms
  A dart slug (D:2)
  5 leopard geckos
  21 orcs
  A ball python (D:4)
  4 giant cockroaches
  5 goblins
  8 hobgoblins
  7 jackals
  A quokka (D:4)
  7 bats
  11 frilled lizards
  12 kobolds
  A leopard gecko skeleton (D:7)
  A leopard gecko zombie (D:5)
  6 rats
186 creatures vanquished.

Notes
Turn   | Place    | Note
-------+----------+-------------------------------------------
     0 | D:1      | kiturien the Minotaur Fighter began the quest for the Orb.
     0 | D:1      | Reached XP level 1. HP: 19/19 MP: 0/0
    90 | D:1      | Reached XP level 2. HP: 26/27 MP: 1/1
   522 | D:1      | Reached XP level 3. HP: 33/33 MP: 2/2
   634 | D:2      | Reached skill level 3 in Long Blades
   841 | D:2      | Reached XP level 4. HP: 34/40 MP: 3/3
   937 | D:2      | Noticed Terence
   945 | D:2      | Killed Terence
   945 | D:2      | Reached skill level 1 in Dodging
  1104 | D:2      | Found a glowing silver altar of Zin.
  1105 | D:2      | Noticed an angel
  1339 | D:3      | Noticed Natasha
  1341 | D:3      | Killed Natasha
  1341 | D:3      | Reached skill level 4 in Long Blades
  1341 | D:3      | Reached XP level 5. HP: 47/47 MP: 4/4
  1391 | D:3      | Noticed Natasha
  1396 | D:3      | Killed Natasha
  1420 | D:3      | Noticed Megalobster's ghost (amateur DECj)
  1426 | D:3      | Killed Megalobster's ghost
  1490 | D:3      | Reached skill level 5 in Shields
  1583 | D:3      | Reached XP level 6. HP: 52/53 MP: 5/5
  1739 | D:3      | Noticed Jessica
  1742 | D:3      | Killed Jessica
  1764 | D:3      | Found an iron altar of Okawaru.
  1859 | D:3      | Noticed Natasha
  1864 | D:3      | Killed Natasha
  1864 | D:3      | Reached skill level 5 in Long Blades
  1980 | D:4      | Noticed Eustachio
  1999 | D:4      | Noticed Grinder
  2167 | D:3      | Paralysed by Grinder for 6 turns
  2174 | D:3      | Paralysed by Grinder for 6 turns
  2183 | D:3      | Killed Grinder
  2183 | D:3      | Reached skill level 5 in Fighting
  2183 | D:3      | Reached skill level 5 in Armour
  2183 | D:3      | Reached XP level 7. HP: 37/61 MP: 6/6
  2425 | D:4      | Killed Eustachio
  2425 | D:4      | Reached skill level 6 in Long Blades
  2632 | D:4      | Noticed Sigmund
  2642 | D:4      | Killed Sigmund
  2731 | D:4      | Noticed Purgy
  2738 | D:4      | Killed Purgy
  2738 | D:4      | Reached XP level 8. HP: 60/69 MP: 7/7
  3133 | D:4      | Found Geun Ci Voo's Weapon Emporium.
  3253 | D:5      | Entered Level 5 of the Dungeon
  3393 | D:5      | Reached skill level 7 in Long Blades
  3853 | D:5      | Found a hazy altar of Hepliaklqana.
  4476 | D:6      | Found a staircase to the Ecumenical Temple.
  4505 | Temple   | Entered the Ecumenical Temple
  4572 | Temple   | Became a worshipper of the Wu Jian Council
  4892 | D:6      | Noticed Edmund
  4901 | D:6      | Killed Edmund
  4901 | D:6      | Reached skill level 8 in Long Blades
  4901 | D:6      | Reached XP level 9. HP: 73/77 MP: 8/8
  5032 | D:6      | Identified a scroll of acquirement
  5033 | D:6      | Found the +0 sword of Power
  5589 | D:7      | Found a snail-covered altar of Cheibriados.
  5604 | D:7      | Found a bloodstained altar of Trog.
  5606 | D:7      | Found a shadowy altar of Dithmenos.
  5717 | D:7      | Gained mutation: You have an increased reservoir of magic. (+10% MP) [mutagenic meat]
  5718 | D:7      | Gained mutation: You passively map a small area around you. [mutagenic meat]
  5719 | D:7      | Gained mutation: You are partially covered in thin metallic scales. (AC +2) [mutagenic meat]
  5721 | D:7      | Gained mutation: You can translocate small distances at will. [mutagenic meat]
  5781 | D:7      | Got a pitted hand axe {venom}
  5782 | D:7      | Identified the cursed +1 hand axe of Goke {venom, rPois Dex+4} (You took it off a gnoll on level 7 of the Dungeon)
  5871 | D:7      | Reached skill level 9 in Long Blades
  6104 | D:8      | Reached * piety under Wu Jian
  6200 | D:8      | Reached skill level 10 in Long Blades
  6352 | D:8      | Found a hazy altar of Hepliaklqana.
  6352 | D:8      | Found a blossoming altar of Fedhas.
  6353 | D:8      | Found an iron altar of Okawaru.
  6483 | D:8      | Reached XP level 10. HP: 86/86 MP: 10/10
  6656 | D:9      | Reached skill level 5 in Dodging
  6694 | D:9      | HP: 4/86 [yak (33)]
  6698 | D:9      | Slain by a yak

Vault maps used:
D:1:      dpeg_arrival_ternary
D:2:      zin_angel, minmay_tiny_reverse_x, uniq_terence
D:3:      serial_aquarium, aquarium_bridge_long_separate,
          aquarium_window_corridor_1, aquarium_window_1, aquarium_window_fake,
          aquarium_view_2e, aquarium_balcony_double_3, okawaru_trees_1,
          uniq_natasha, uniq_jessica
D:4:      serial_shops, shop, first_bread, uniq_purgy, uniq_sigmund,
          uniq_grinder, uniq_eustachio
D:5:      basic_altar, minmay_misc_feat_tower
D:6:      minmay_temple_entry_crystal_x, uniq_edmund
D:7:      minitemple
D:8:      nicolae_overflow_hidden_temple
D:9:      marbit_many_paths, hangedman_ranch, minmay_misc_feat_more_columns,
          nicolae_sextant
Temple:   eino_temple_water

Skill      XL: |  1  2  3  4  5  6  7  8  9 10 |
---------------+-------------------------------+-----
Armour         | 4 5 6 7 8 |  8.9
Fighting       | 4 5 6 7 |  7.4
Shields        | 4 5 6 8 |  8.8
Long Blades    | 3 4 5 6 8 10 | 10.7
Dodging        | 1 2 3 4 5 |  5.1

Action                   |  1- 3 |  4- 6 |  7- 9 | 10-12 || total
-------------------------+-------+-------+-------+-------++-------
Melee: Long sword        |   101 |   123 |   236 |       ||   460
       Headbutt          |    15 |    23 |    63 |     6 ||   107
       Great sword       |       |       |   126 |    15 ||   141
       Hand axe          |       |       |     2 |       ||     2
  Use: Scroll            |     5 |       |     9 |       ||    14
       Potion            |       |     2 |     4 |     1 ||     7
  Eat: Chunk             |       |     4 |    21 |       ||    25
Armor: Scale mail        |    52 |    59 |    46 |       ||   157
       Skin              |       |     3 |       |       ||     3
       Plate armour      |       |       |   210 |     9 ||   219
Dodge: Dodged            |    38 |    52 |   128 |    15 ||   233
Block: Shield            |    52 |    62 |   156 |       ||   270
       Rpst.: Long sword |     7 |    10 |    17 |       ||    34
       Great sword       |       |       |    17 |     1 ||    18

Table legend:
 A = Spawn XP
 B = Non-spawn XP
 C = Spawn XP percentage of total XP
 D = Spawn monster count
 E = Non-spawn monster count
 F = Spawn count percentage of total count
 G = Total turns spent on level
                    A         B        C        D         E        F      G
               +---------+---------+-------+---------+---------+-------+---------
         Total |       0 |    6296 |   0.0 |       0 |     186 |   0.0 |  6698
               +---------+---------+-------+---------+---------+-------+---------
           D:1 |       0 |      43 |   0.0 |       0 |      25 |   0.0 |   618
           D:2 |       0 |     141 |   0.0 |       0 |      30 |   0.0 |   637
           D:3 |       0 |     564 |   0.0 |       0 |      27 |   0.0 |  1091
           D:4 |       0 |     854 |   0.0 |       0 |      18 |   0.0 |   907
           D:5 |       0 |     568 |   0.0 |       0 |      17 |   0.0 |   800
           D:6 |       0 |     747 |   0.0 |       0 |      12 |   0.0 |  1201
           D:7 |       0 |    1036 |   0.0 |       0 |      21 |   0.0 |   618
           D:8 |       0 |    1617 |   0.0 |       0 |      30 |   0.0 |   505
           D:9 |       0 |     726 |   0.0 |       0 |       6 |   0.0 |   102
               +---------+---------+-------+---------+---------+-------+---------
